 Dungeon Crawl Stone Soup version 0.21.1-1-g345015f (webtiles) character file.

36 Mesmaeker13 the Chiller (level 3, -5/21 HPs)
             Began as an Octopode Ice Elementalist on June 10, 2018.
             Killed by nerve-wracking pain
             ... invoked by a shadow imp
              (8 damage)
             ... on level 1 of the Dungeon.
             The game lasted 00:01:50 (896 turns).

Mesmaeker13 the Chiller (Octopode Ice Elementalist)  Turns: 896, Time: 00:01:50

Health: -5/21      AC:  1    Str:  7    XL:     3   Next: 37%
Magic:  1/6        EV: 14    Int: 18    God:
Gold:   49         SH:  0    Dex: 12    Spells: 3/6 levels left

rFire    . . .     SeeInvis .   e - +0 dagger
rCold    . . .     Gourm    .   (no shield)
rNeg     . . .     Faith    .   (helmet restricted)
rPois    .         Spirit   .   (no amulet)
rElec    .         Reflect  .   d - ring of loudness (curse)
rCorr    .         Harm     .   (no ring)
MR       .....                  (no ring)
Stlth    ++........             (no ring)
HPRegen  0.07/turn              (no ring)
MPRegen  0.10/turn              (no ring)
                                (no ring)
                                (no ring)

@: no status effects
A: almost no armour, stealthy swim, amphibious, 8 rings, constrict 8, camouflage
1, gelatinous body 1
a: no special abilities


You were on level 1 of the Dungeon.
You were not hungry.

You visited 1 branch of the dungeon, and saw 2 of its levels.

You collected 49 gold pieces.

Inventory:

Hand Weapons
 e - a +0 dagger (weapon)
Jewellery
 d - a cursed ring of loudness (left tentacle)
Scrolls
 g - a scroll of identify {unknown}
 h - a scroll of random uselessness {unknown}
Potions
 f - a potion of brilliance {unknown}
Books
 a - a book of Frost

   Spells                             Type                      Level
   a - Freeze                         Ice                          1
   b - Throw Frost                    Conjuration/Ice              2
   c - Ozocubu's Armour               Charms/Ice                   3
   d - Throw Icicle                   Conjuration/Ice              4
   e - Summon Ice Beast               Ice/Summoning                4
Comestibles
 b - 2 rations
 c - 5 chunks of flesh


   Skills:
 + Level 2.9 Dodging
 - Level 2.6 Stealth
 - Level 2.0 Spellcasting
 + Level 1.1 Conjurations
 + Level 3.7 Ice Magic


You had 3 spell levels left.
You knew the following spells:

 Your Spells              Type           Power        Failure   Level  Hunger
a - Freeze                Ice            ###.         4%          1    #......
b - Throw Frost           Conj/Ice       ##....       10%         2    ###....


Dungeon Overview and Level Annotations

Branches:
Dungeon (2/15)

Altars:


Innate Abilities, Weirdness & Mutations

You cannot wear most types of armour.
You are very stealthy in the water. (Stealth+)
You are amphibious.
You can wear up to eight rings at the same time.
You can use your tentacles to constrict eight enemies at once.
Your skin changes colour to match your surroundings (Stealth+).
Your rubbery body absorbs attacks. (AC +1, EV +1)


Message History

Casting: Freeze
Confirm with . or Enter, or press ? or * to list all spells.
Aiming: Freeze
Press: ? - help, Shift-Dir - straight line, f/p - hobgoblin
Aim: a hobgoblin, wielding a club (almost dead)
You freeze the hobgoblin.
You kill the hobgoblin!
The shadow imp closely misses you. The shadow imp misses you.
There is a stone staircase leading up here.
You see here a club.
The worm bites you.
* * * LOW HITPOINT WARNING * * *
The shadow imp misses you.
You climb upwards.
There is a stone staircase leading down here.
Unknown command.
The shadow imp gestures at you. Pain shoots through your body!
You die...

..........##..#### ###....#
#.###.##..###....###..>####
#.....##....####..#..###
#.#.#.###.#..####...#############
........#........................
#.#.#.#.###....###...##########.#
..#.#.......##....5.............#
###.###.#.#..##..>w#####..#####..
..(<..^...##.##.@### ##.## #..#
###.###.#.##......# #..###.##
..#.#.........#...# ##..#..##
#.#.#.#.###..####.## ##.....#
........#.#.....#..# #..##.#
#.#.#.###...###....## #.###..
#(....###..## ##....##### #.# ##.
#.###.#....######.......###.# #.
......#.##....###.......##..# #.


You could see a worm and a shadow imp.

Vanquished Creatures
  An ooze (D:1)
  2 dart slugs (D:1)
  4 giant cockroaches
  3 hobgoblins (D:2)
  5 bats
  A frilled lizard (D:1)
  4 goblins (D:1)
  2 kobolds (D:1)
  5 rats (D:1)
27 creatures vanquished.

Notes
Turn   | Place    | Note
-------+----------+-------------------------------------------
     0 | D:1      | Mesmaeker13 the Octopode Ice Elementalist began the quest for the Orb.
     0 | D:1      | Reached XP level 1. HP: 11/11 MP: 3/3
   191 | D:1      | Reached XP level 2. HP: 17/17 MP: 3/5
   528 | D:1      | Reached XP level 3. HP: 15/21 MP: 2/6
   698 | D:1      | Learned a level 2 spell: Throw Frost
   896 | D:1      | Killed from afar by a shadow imp

Action                   || total
-------------------------++-------
Melee: Unarmed           ||     4
       Constrict         ||     9
       Tentacles         ||     3
       Dagger            ||    23
 Cast: Freeze            ||    31
 Stab: Sleeping          ||     3
Armor: Skin              ||     7
Dodge: Dodged            ||    42
